 Dungeon Crawl Stone Soup version 0.31-a0-7-g51783674b7 (webtiles) character file.

Game seed: 657151331223385734

3208 voltaire321 the Sneak (level 9, -22/59 HPs)
             Began as an Octopode Venom Mage on May 5, 2023.
             Was a Follower of Elyvilon.
             Annihilated by a two-headed ogre
             ... wielding a +0 giant spiked club
              (23 damage)
             ... on level 8 of the Dungeon.
             The game lasted 00:26:30 (9167 turns).

voltaire321 the Sneak (Octopode Venom Mage)         Turns: 9167, Time: 00:26:30

Health: -22/59     AC: 10    Str:  7    XL:     9   Next: 97%
Magic:  12/16      EV: 14    Int: 20    God:    Elyvilon [*.....]
Gold:   128        SH:  7    Dex: 14    Spells: 7/17 levels left

rFire   . . .        k - +5 short sword (protect)
rCold   . . .        v - +2 buckler
rNeg    + . .        p - +2 hat
rPois   +            (no amulet)
rElec   .            l - ring of poison resistance
rCorr   .            s - ring of positive energy
SInv    .            (no ring)
Will    .....        (no ring)
Stlth   +++++        (no ring)
HPRegen 0.29/turn    (no ring)
MPRegen 0.15/turn    (no ring)
                     (no ring)

%: no passive effects
@: under a protective aura
A: almost no armour, amphibious, 8 rings, camouflage 1, gelatinous body 1,
(nimble swimmer 1), tentacles
a: Renounce Religion, Purification


You were on level 8 of the Dungeon.
You worshipped Elyvilon.
Elyvilon was aware of your devotion.
You visited 2 branches of the dungeon, and saw 9 of its levels.
You also visited: Sewer.

You collected 437 gold pieces.
You spent 304 gold pieces at shops.
You donated 5 gold pieces to Zin.

Inventory:

Hand Weapons
 k - a +5 short sword of protection (weapon)
 u - the +12 dire flail "Jionk" {speed, rElec}
   (You bought it in a shop on level 4 of the Dungeon)

   rElec:     It insulates you from electricity.
Armour
 p - a +2 hat (worn)
 v - a +2 buckler (worn)
Jewellery
 d - a ring of ice
 l - a ring of poison resistance (left tentacle)
 s - a ring of positive energy (right tentacle)
Wands
 h - a wand of mindburst (21)
 m - a wand of polymorph (13)
 y - a wand of flame (16)
Scrolls
 e - 2 scrolls of amnesia
 i - 2 scrolls of teleportation
 n - 2 scrolls of fear
 o - 2 scrolls of immolation
 r - a scroll of enchant weapon
Potions
 a - a potion of magic
 b - a potion of brilliance
 c - a potion of invisibility
 f - 3 potions of haste {unknown}
 g - a potion of heal wounds
 j - 2 potions of mutation
 q - 6 potions of flight
 t - 3 potions of curing
 w - a potion of ambrosia
 x - a potion of lignification {unknown}


   Skills:
 + Level 4.7 Fighting
 + Level 5.2 Dodging
 + Level 7.2 Stealth
 + Level 4.5 Shields
 + Level 4.7 Spellcasting
 + Level 2.3 Conjurations
 - Level 4.0 Transmutations
 + Level 4.6 Air Magic
 + Level 6.8 Poison Magic


You had 7 spell levels left.
You knew the following spells:

 Your Spells              Type           Power      Damage    Failure   Level
a - Sting                 Tmut/Pois      100%       1d8       1%          1
b - Poisonous Vapours     Pois/Air       54%        N/A       2%          2
c - Olgreb's Toxic Radia  Pois           32%        N/A       11%         4
d - Mephitic Cloud        Conj/Pois/Air  23%        N/A       9%          3

Your spell library contained the following spells:

 Spells                   Type           Power      Damage    Failure   Level
 Cigotuvi's Dreadful Rot  Necr/Pois/Air  40%        N/A       6%          2
 Kiss of Death            Conj/Necr      36%        2d8       12%         1
 Ignite Poison            Fire/Tmut/Pois 19%        N/A       13%         3
 Confusing Touch          Hex            4%         N/A       50%         3
 Dispel Undead            Necr           4%         3d7       88%         4
 Freezing Cloud           Conj/Ice/Air   7%         6-21      89%         5


Dungeon Overview and Level Annotations

Branches:
Dungeon (8/15)             Temple (1/1) D:5           Sewer (visited)
   Lair: D:8-11

Altars:
Ashenzari
Cheibriados
Dithmenos
Elyvilon
Gozag
Hepliaklqana
Kikubaaqudgha
Nemelex Xobeh
Okawaru
Ru
Sif Muna
Trog
Uskayaw
Vehumet
Xom
Yredelemnul
Zin
The Shining One

Shops:
D:4 (   D:5 *   D:6 ?=![(   D:7 *

Annotations:
D:3 3 runed translucent doors, baab's ghost, weakling MiBe
D:6 3 runed translucent doors, BlueFish's ghost, novice OpFi


Innate Abilities, Weirdness & Mutations

You cannot wear most types of armour.
You are amphibious.
You can wear up to eight rings at the same time.
Your skin changes colour to match your surroundings (Stealth+).
Your rubbery body absorbs attacks. (AC +1, EV +1)
((You are camouflaged when in or above water. (Stealth+)))
You have tentacles for arms and can constrict up to eight enemies at once.


Message History

The acid dragon claws you. You block the orc's attack.
You hit the acid dragon but do no damage.
The acid dragon is severely wounded.
The orc barely misses you. You block the acid dragon's attack.
The acid dragon completely misses you.
Casting: Sting (safe; 1% risk of failure)
Confirm with . or Enter, or press ? or * to list all spells.
You begin to radiate toxic energy.
The two-headed ogre is poisoned.
The orc is poisoned.
The acid dragon barely misses you. x2
You block the orc's attack.
You hit the acid dragon. Your squeeze misses the acid dragon.
The acid dragon is almost dead.
The two-headed ogre looks even sicker.
The orc looks even sicker.
The acid dragon bites you but does no damage.
The acid dragon closely misses you. The two-headed ogre barely misses you.
The two-headed ogre closely misses you. You block the orc's attack.
You barely miss the acid dragon.
The acid dragon is almost dead.
You kill the orc!
The acid dragon misses you.
The acid dragon claws you but does no damage.
The two-headed ogre hits you with a +0 giant spiked club!
The two-headed ogre closely misses you.
You hit the acid dragon but do no damage.
The acid dragon is almost dead.
The two-headed ogre looks even sicker.
Your toxic aura wanes.
You kill the acid dragon!
The acid dragon scales are intact enough to wear.
You puncture the two-headed ogre!
Your squeeze misses the two-headed ogre.
The two-headed ogre is moderately wounded.
The two-headed ogre hits you with a +0 giant spiked club!!
You block the two-headed ogre's attack.
You closely miss the two-headed ogre.
The two-headed ogre is moderately wounded.
The two-headed ogre hits you with a +0 giant spiked club!!
* * * LOW HITPOINT WARNING * * *
The two-headed ogre hits you with a +0 giant club!!
You die...

#....<.....#
#..........#
#..........#
#..........#
#..........#
####(.........#
..............#
......[.......#
......$@......#
.......O).....#
....#+##......#
... #......# .
###..#...
##'###'# .. .#
♣♣ #


You could see a two-headed ogre (very poisoned).

Vanquished Creatures
  A hornet (D:6)
  A vampire (D:7)
  Menkaure (D:5)
  An acid dragon (D:8)
  2 water moccasins (D:5)
  2 sky beasts
  An ice beast (D:6)
  2 ogres (D:5)
  A centaur (D:6)
  2 phantoms
  4 wights (D:7)
  5 killer bees (D:7)
  A howler monkey (D:6)
  Crazy Yiuf (D:7)
  A gnoll bouda (D:5)
  6 hounds
  An orc priest (D:4)
  5 jellies
  2 sleepcaps
  Natasha (D:1)
  3 iguanas
  7 orc wizards
  Robin (D:4)
  9 gnolls
  15 adders
  13 river rats
  2 shadow imps
  2 white imps
  An ufetubus (D:5)
  5 worms
  A dart slug (D:2)
  23 orcs
  11 ball pythons
  2 endoplasms (D:4)
  9 giant cockroaches
  13 goblins
  11 hobgoblins
  3 jackals (Sewer)
  13 quokkas
  11 bats
  7 frilled lizards
  10 kobolds
  15 rats
228 creatures vanquished.

Vanquished Creatures (others)
  A fungus (D:7)
1 creature vanquished.

Grand Total: 229 creatures vanquished

Notes
Turn   | Place    | Note
-------+----------+-------------------------------------------
     0 | D:1      | voltaire321 the Octopode Venom Mage began the quest for the
                  | Orb.
     0 | D:1      | Reached XP level 1. HP: 11/11 MP: 3/3
   299 | D:1      | Reached XP level 2. HP: 18/18 MP: 3/5
   748 | D:1      | Reached skill level 3 in Stealth
   752 | D:1      | Learned a level 2 spell: Poisonous Vapours
  1256 | D:2      | Noticed Natasha
  1263 | D:1      | Killed Natasha
  1264 | D:1      | Reached XP level 3. HP: 4/22 MP: 2/6
  1387 | D:2      | Reached skill level 1 in Fighting
  1459 | D:2      | Reached XP level 4. HP: 24/28 MP: 4/7
  1844 | D:2      | Reached skill level 1 in Air Magic
  2057 | D:3      | Noticed baab's ghost (weakling MiBe)
  2111 | D:3      | Found a runed translucent gate.
  2112 | D:3      | Found a runed translucent gate.
  2113 | D:3      | Found a runed translucent gate.
  2127 | D:3      | Learned a level 4 spell: Olgreb's Toxic Radiance
  2483 | D:3      | Reached skill level 1 in Shields
  2483 | D:3      | Reached XP level 5. HP: 32/33 MP: 6/8
  2494 | D:3      | Found a glowing drain.
  2501 | Sewer    | Entered a sewer
  2937 | Sewer    | Reached XP level 6. HP: 39/39 MP: 10/10
  3308 | D:3      | Found a bloodstained altar of Trog.
  3691 | D:4      | Noticed Robin
  3714 | D:4      | Killed Robin
  4014 | D:4      | Reached skill level 4 in Stealth
  4087 | D:4      | Noticed a sky beast
  4106 | D:4      | Killed a sky beast
  4107 | D:4      | Reached XP level 7. HP: 45/45 MP: 7/11
  4186 | D:4      | Found Ivitaop's Antique Weapon Shoppe.
  4194 | D:4      | Bought a transparent dire flail for 234 gold pieces
  4194 | D:4      | Identified the +12 dire flail "Jionk" {speed, rElec} (You
                  | bought it in a shop on level 4 of the Dungeon)
  4400 | D:4      | You fall into a shaft and drop 2 floors!
  4404 | D:5      | Entered Level 5 of the Dungeon
  4620 | D:5      | Found Synomp's Superlative Supplies.
  4834 | D:5      | Reached skill level 5 in Poison Magic
  4880 | D:5      | Found a staircase to the Ecumenical Temple.
  4887 | D:5      | Reached XP level 8. HP: 51/51 MP: 10/13
  4892 | Temple   | Entered the Ecumenical Temple
  5027 | Temple   | Became a worshipper of Zin the Law-Giver
  5085 | Temple   | Fell from the grace of Zin
  5085 | Temple   | Became a worshipper of Elyvilon the Healer
  5121 | D:5      | Reached skill level 5 in Stealth
  5375 | D:5      | Noticed Menkaure
  5384 | D:5      | Killed Menkaure
  6402 | D:6      | Reached skill level 6 in Stealth
  6438 | D:6      | Reached XP level 9. HP: 42/58 MP: 13/15
  6492 | D:6      | Found a hide-covered altar of Uskayaw.
  6626 | D:6      | Found Hihymi's Jewellery Shoppe.
  6871 | D:6      | Learned a level 3 spell: Mephitic Cloud
  6976 | D:6      | Reached * piety under Elyvilon
  6982 | D:6      | Found a shimmering altar of Xom.
  7040 | D:6      | Found Keneis's Distillery.
  7044 | D:6      | Bought a potion of heal wounds for 70 gold pieces
  7051 | D:6      | Found Muogocam's Antique Armour Shop.
  7101 | D:6      | Found Vonweces's Antique Weapon Shop.
  7203 | D:6      | Found a radiant altar of Vehumet.
  7208 | D:6      | Found a glowing golden altar of the Shining One.
  7211 | D:6      | Found a broken altar of Ashenzari.
  7547 | D:6      | Noticed a hornet
  7560 | D:6      | Killed a hornet
  7561 | D:6      | Reached skill level 1 in Conjurations
  7803 | D:6      | Found Zekomp's Magic Scroll Emporium.
  7864 | D:6      | Found a runed translucent gate.
  7865 | D:6      | Found a runed translucent gate.
  7865 | D:6      | Found a runed translucent gate.
  7866 | D:6      | Noticed BlueFish's ghost (novice OpFi)
  8160 | D:7      | Reached skill level 5 in Dodging
  8467 | D:7      | Found Raan's Retail Resort.
  8490 | D:7      | Reached skill level 7 in Stealth
  8827 | D:7      | Found a runed translucent door.
  8828 | D:7      | Noticed Crazy Yiuf
  8842 | D:7      | Killed Crazy Yiuf
  9158 | D:8      | Noticed a two-headed ogre
  9167 | D:8      | HP: 1/59 [two-headed ogre/+0 giant spiked club (27)]
  9167 | D:8      | Annihilated by a two-headed ogre

Illustrated notes

Levels and vault maps discovered:
D:1:      lemuel_arrival_muddy, layout_loops_corners
D:2:      layout_rooms, uniq_natasha
D:3:      layout_basic, amcnicky_altar_gilded, gup_sewer_entry_pipe,
          gammafunk_ghost_icy
D:4:      layout_basic, serial_shops, nicolae_shop_overgrown_old_shop,
          kennysheep_generic_room_4, uniq_robin
D:5:      lemuel_ratsnest, layout_loops_ring, temple_fountains,
          nicolae_alphabet_shops, grunt_ministairs_12, minivault_23,
          uniq_menkaure
D:6:      layout_loops_corners, nicolae_uskayaw_dance_hall,
          general_overflow_altar, minmay_overflow_temple_star_quad,
          ebering_ghost_rock_garden, serial_shops, nicolae_take_the_stairs,
          shop_fountains, shop, shop, shop
D:7:      layout_basic, nicolae_alphabet_shops, minmay_misc_feat_plants,
          uniq_crazy_yiuf_cottage
D:8:      nicolae_cairo_tiling_very_big, layout_gridville,
          mainiacjoe_overflow_six_doors_small, fedhas_ov_isle_minmay
Temple:   hc_temple_tempest_star

Skill      XL: |  1  2  3  4  5  6  7  8  9 |
---------------+----------------------------+-----
Stealth        | 3 4 6 7 |  7.2
Poison Magic   | 4 5 6 |  6.8
Fighting       | 1 2 3 4 |  4.7
Air Magic      | 1 2 3 4 |  4.6
Shields        | 1 2 3 4 |  4.5
Transmutations | 2 3 4 |  4.0
Dodging        | 3 4 5 |  5.2
Spellcasting   | 3 4 |  4.7
Conjurations   | 2 |  2.3

Action                     |  1- 3 |  4- 6 |  7- 9 || total
---------------------------+-------+-------+-------++-------
  Melee: Unarmed           |    28 |       |       ||    28
         Constrict         |     9 |    40 |    58 ||   107
         Tentacles         |     7 |    35 |    82 ||   124
         Short sword       |     2 |   198 |   314 ||   514
         Punch             |       |     4 |     4 ||     8
   Cast: Sting             |    32 |    26 |    53 ||   111
         Olgreb's Toxic Ra |       |     1 |     8 ||     9
         Poisonous Vapours |       |       |     2 ||     2
    Use: Scroll            |       |       |    16 ||    16
   Stab: Sleeping          |       |    25 |    13 ||    38
 Armour: Skin              |     4 |    46 |    79 ||   129
  Dodge: Dodged            |    18 |   120 |   155 ||   293
  Block: Buckler           |     2 |    35 |    66 ||   103

Table legend: (Time is in decaauts)
 A = Elapsed time spent in this place.
 B = Non-inter-level travel time spent in this place.
 C = Inter-level travel time spent in this place.
 D = Time resting spent in this place.
 E = Time spent auto-exploring this place.
 F = Levels seen in this place.
 G = Mean time per level.
                   A        B        C        D        E       F      G
               +--------+--------+--------+--------+--------+-----+--------+
         Total |   9206 |   8687 |    519 |   2033 |   4570 |  10 |  920.6 |
       Dungeon |   8381 |   7950 |    431 |   1886 |   4252 |   8 | 1047.6 |
        Temple |    202 |    114 |     88 |      0 |     97 |   1 |  202.0 |
         Sewer |    622 |    622 |      0 |    147 |    221 |   1 |  622.0 |
               +--------+--------+--------+--------+--------+-----+--------+

Top non-repeatable levels by time:
     D:6: 1806 daAuts
     D:5: 1368 daAuts
     D:1: 1339 daAuts
     D:7: 1108 daAuts
     D:4: 1027 daAuts
     D:3: 1001 daAuts
     D:2: 698 daAuts
   Sewer: 622 daAuts
  Temple: 202 daAuts
     D:8: 31 daAuts
